AoeStats
← 小小鸡

Nomad

508617604Analyzed
4v4 RM · 9d ago on Sep 23, 2026· 46m 7s· 8 players
Game mode
Random Map
Map size
231×231
Population
200
Speed
Normal
Resources
Standard
Victory
Conquest
Starting age
Dark Age
Ending age
Imperial Age
RankedLock teamsTeams togetherTeam positionsShared explorationLock speedFull tech treeHidden civsTurbo modeCheats
Victory
Defeat
🇹🇷 Varangians · Türkiye
1317
+18
🇹🇼 Inca · Taiwan
1313
+19
🇸🇮 Danes · Slovenia
1303
+19
🇦🇷 Bulgarians · Argentina
1222
+21
🇨🇳 Persians · China
1417
-21
🇭🇰 Lithuanians · Hong Kong SAR China
1355
-19
🇭🇰 Wu · Hong Kong SAR China
1353
-19
🇨🇳 Malians · China
1340
-18
牛奶罐
3:02 Loom
13:59 Feudal Age
18:22 Castle Age
17:02 Double-Bit Axe
18:27 Wheelbarrow
20:55 Forging
24:48 Bow Saw
24:30 Horse Collar
25:08 Scale Mail Armor
30:38 Hand Cart
33:20 Heavy Plow
35:59 Imperial Age
34:20 Gold Mining
34:04 Champi Runner
34:45 Squires
35:36 Town Watch
36:46 Capped Ram
37:19 Pikeman
39:20 Gold Shaft Mining
40:22 Conscription
41:25 Halberdier
42:37 Chain Mail Armor
42:13 Fletching
43:03 Champi Warrior
46:32 Fabric Shields
Tameryig1t
5:06 Loom
14:27 Feudal Age
19:10 Castle Age
17:12 Double-Bit Axe
18:34 Wheelbarrow
18:29 Scale Barding Armor
18:46 Gold Mining
18:46 Stone Mining
19:22 Stone Mining
19:23 Horse Collar
21:50 Chain Barding Armor
23:53 Bow Saw
27:18 Ballistics
29:27 Fletching
30:40 Bodkin Arrow
32:50 Padded Archer Armor
36:32 Leather Archer Armor
37:12 Hand Cart
36:43 Town Watch
37:43 Squires
37:29 Arson
37:29 Gambesons
40:51 Vendel Legacy
43:23 Husbandry
43:33 Bloodlines
43:25 Heavy Plow
47:08 Stone Shaft Mining
Konradiniert
4:31 Loom
13:59 Feudal Age
19:41 Castle Age
19:20 Scale Mail Armor
19:30 Forging
35:30 Gold Mining
35:31 Stone Mining
45:10 Iron Casting
44:50 Chain Mail Armor
44:41 Scale Barding Armor
48:14 Imperial Age
m00n
13:00 Feudal Age
17:37 Castle Age
19:00 Wheelbarrow
19:01 Double-Bit Axe
27:20 Squires
27:08 Arson
28:30 Bow Saw
28:04 Horse Collar
31:55 Hand Cart
32:30 Scale Mail Armor
32:40 Forging
33:46 Gold Mining
33:47 Stone Mining
37:50 Imperial Age
36:46 Chain Mail Armor
37:06 Iron Casting
38:19 Onager
39:53 Heavy Plow
39:31 Elite Varangian Guard
40:13 Northmen's Fury
40:17 Hamask
42:03 Blast Furnace
41:26 Siege Onager
小小鸡
3:45 Loom
13:26 Feudal Age
18:15 Castle Age
18:09 Fletching
18:18 Double-Bit Axe
19:56 Bow Saw
24:43 Horse Collar
29:44 Wheelbarrow
30:57 Bodkin Arrow
长相犯罪
4:55 Loom
13:55 Feudal Age
15:51 Gold Mining
15:46 Double-Bit Axe
15:51 Fishing Lines
17:35 Stone Mining
18:05 Scale Barding Armor
20:09 Castle Age
20:08 Wheelbarrow
21:17 Bow Saw
21:44 Gold Shaft Mining
21:33 Medium Warships
21:16 Fletching
21:51 Gillnets
22:18 Padded Archer Armor
23:07 Hand Cart
22:39 Town Watch
27:12 Stone Shaft Mining
29:13 Bodkin Arrow
29:34 Leather Archer Armor
29:55 Crossbowman
30:40 Thumb Ring
31:18 Ballistics
33:46 Imperial Age
31:37 Horse Collar
34:09 Elite Gbeto
34:56 Farimba
34:41 Cavalier
35:22 Husbandry
35:32 Bloodlines
35:53 Heavy Plow
36:14 Forging
36:09 Scale Barding Armor
35:47 Arbalester
36:44 Guilds
37:23 Conscription
39:02 Chain Barding Armor
40:46 Ring Archer Armor
41:10 Hoardings
42:41 Chemistry
41:21 Treadmill Crane
41:52 Masonry
43:06 Iron Casting
43:07 Plate Barding Armor
42:38 Elite Gbeto
46:26 Coinage
46:27 Scale Mail Armor
猪大肠
7:21 Loom
13:48 Feudal Age
17:25 Castle Age
16:51 Double-Bit Axe
16:48 Horse Collar
crazy ant
10:55 Loom
12:57 Feudal Age
11:55 Loom
13:52 Fishing Lines
16:48 Castle Age
15:42 Town Watch
16:08 Double-Bit Axe
17:03 Scale Barding Armor
17:08 Forging
18:17 Chain Barding Armor
18:20 Bow Saw
Connection lost

Rejoining the realm…

Still unreachable

The connection could not be restored.

Session expired

The server has moved on; the page needs a fresh start.